 Dungeon Crawl Stone Soup version 0.21.1-1-g345015f (webtiles) character file.

40 robbits the Ruffian (level 3, -3/28 HPs)
             Began as a Draconian Transmuter on May 28, 2018.
             Slain by Terence
             ... wielding a +2 flail of protection
              (12 damage)
             ... on level 2 of the Dungeon.
             The game lasted 00:01:32 (965 turns).

robbits the Ruffian (Draconian Transmuter)           Turns: 965, Time: 00:01:32

Health: -3/28      AC:  5    Str: 12    XL:     3   Next: 30%
Magic:  6/6        EV: 12    Int: 14    God:
Gold:   56         SH:  0    Dex: 11    Spells: 5/6 levels left

rFire    . . .     SeeInvis .     - Unarmed
rCold    . . .     Gourm    .   (no shield)
rNeg     . . .     Faith    .   (armour unavailable)
rPois    .         Spirit   .   (helmet restricted)
rElec    .         Reflect  .   (no cloak)
rCorr    .         Harm     .   (no gloves)
MR       .....     Rnd*Tele +   (no boots)
Stlth    +.........             (no amulet)
HPRegen  0.09/turn              e - ring of teleportation (curse)
MPRegen  0.10/turn              (no ring)

@: appendage (expiring)
A: unfitting armour, horns 2, cold-blooded, AC +5
a: End Transformation


You were on level 2 of the Dungeon.
You were hungry.
You had grown temporary horns.
You visited 1 branch of the dungeon, and saw 2 of its levels.

You collected 56 gold pieces.

Inventory:

Missiles
 a - 12 arrows
Jewellery
 e - a cursed ring of teleportation (left hand)
Scrolls
 f - 4 scrolls of identify {unknown}
Potions
 d - a potion of degeneration {unknown}
Books
 b - a book of Changes

   Spells                             Type                      Level
   a - Beastly Appendage              Transmutation                1
   b - Sticks to Snakes               Transmutation                2
   c - Spider Form                    Transmutation/Poison         3
   d - Ice Form                       Ice/Transmutation            4
   e - Blade Hands                    Transmutation                5
Comestibles
 c - 2 rations


   Skills:
 + Level 1.1 Fighting
 + Level 2.3 Dodging
 + Level 0.2 Stealth
 + Level 3.5 Unarmed Combat
 + Level 2.4 Spellcasting
 + Level 2.1 Transmutations


You had 5 spell levels left.
You knew the following spells:

 Your Spells              Type           Power        Failure   Level  Hunger
a - Beastly Appendage     Tmut           #.....       10%         1    #......


Dungeon Overview and Level Annotations

Branches:
Dungeon (2/15)

Altars:

Annotations:
D:2 Terence


Innate Abilities, Weirdness & Mutations

Your plain brown scales are hard. (AC +5)
You cannot fit into any form of body armour.
You are cold-blooded and may be slowed by cold attacks.
You have a pair of horns on your head.


Message History

You closely miss Terence. Your headbutt misses Terence.
Terence is moderately wounded.
Terence hits you with a flail of protection.
You barely miss Terence.
Terence is moderately wounded.
Terence closely misses you.
You hit Terence but do no damage.
Terence is moderately wounded.
Terence barely misses you.
You are feeling hungry.
You hit Terence.
Terence is heavily wounded.
Terence hits you with a flail of protection.
You closely miss Terence. Your headbutt misses Terence.
You tail-slap Terence, but do no damage.
Terence is heavily wounded.
You barely miss Terence. You headbutt Terence.
Terence is severely wounded.
Terence hits you with a flail of protection!
You die...

#........#
#........#
#........##
#..††......
#...)...###
#..$.......
#..rg......
###@##+####
#@#
........#
######
.........
.....#
........#.
.....#
....#####.#
.....# ....
# .....#
### )....#
.....#


You could see Terence, a goblin and a rat.

Vanquished Creatures
  3 dart slugs (D:1)
  7 bats (D:1)
  A giant cockroach (D:1)
  4 hobgoblins
  4 jackals (D:1)
  5 kobolds
  A frilled lizard (D:2)
  3 goblins
  4 rats
32 creatures vanquished.

Notes
Turn   | Place    | Note
-------+----------+-------------------------------------------
     0 | D:1      | robbits the Draconian Transmuter began the quest for the Orb.
     0 | D:1      | Reached XP level 1. HP: 16/16 MP: 3/3
   124 | D:1      | Reached XP level 2. HP: 23/23 MP: 5/5
   487 | D:1      | Reached XP level 3. HP: 13/28 MP: 4/6
   939 | D:2      | Noticed Terence
   965 | D:2      | Slain by Terence

Skill      XL: |  1 |
---------------+----+-----
Dodging        | 2 |  2.3
Fighting       | |  1.1
Stealth        | |  0.2
Unarmed Combat | |  3.5
Spellcasting   | |  2.4
Transmutations | |  2.1

Action                   || total
-------------------------++-------
Melee: Unarmed           ||   120
       Tailslap          ||    10
       Kick              ||     6
       Headbutt          ||     3
       Punch             ||     1
 Cast: Beastly Appendage ||    10
 Stab: Sleeping          ||     2
Armor: Skin              ||    43
Dodge: Dodged            ||   108
